cohdb
Replays
Latest Replays
All Replays
Popular Replays
Top Player Replays
Match Explorer
How It Works
Community
CoH3 Stats
Reddit
Sign in to upload your games and track your stats! →
Sign in with Steam
Match 41064906
Unlisted
Match 41064906
Overview
Messages
Build Orders
End
Royal Engineer Section
Selects Indian Artillery Battlegroup
Vickers Machine Gun Team
Construct Section Command Post
Infantry Section
Infantry Section
Selects War Cry
Grenade Package
Vickers Machine Gun Team
Construct Platoon Command Post
AI Takeover
WadoVice
Samuel Bronkowitz
0
0
Comments
sign in to comment!
No comments posted yet!